 Dungeon Crawl Stone Soup version 0.24.0-123-gd5b16e6ec5 (webtiles) character file.

Game seed: 14397473528281860765, levelgen mode: deterministic

96307 FishyPogo the Blocker (level 15, -2/119 HPs)
             Began as a Demonspawn Gladiator on Jan 23, 2020.
             Was a Plaything of Xom.
             Slain by a demonic crawler (3 damage)
             ... on level 2 of the Spider Nest.
             The game lasted 02:06:37 (24271 turns).

FishyPogo the Blocker (Demonspawn Gladiator)       Turns: 24271, Time: 02:06:38

Health: -2/119     AC: 27    Str: 37    XL:     15   Next: 68%
Magic:  9/9        EV: 10    Int:  9    God:    Xom [*.....]
Gold:   887        SH:  0    Dex: 24    Spells: 14/14 levels left

rFire    + + +     SeeInvis .   b - +9 war axe of Cesuxeni {antimagic, rElec rPois rF+++ Int-4}
rCold    + . .     Gourm    .   s - +0 shield of Hoekhleny {rC- MP+9 Str+3 Dex+2}
rNeg     . . .     Faith    .   V - +1 chain mail of Amorality {Str+4 Slay+2}
rPois    +         Spirit   .   U - +0 hat of the Burgomaster {rC+ Str+3 Int+2 Stlth+}
rElec    +         Reflect  .   j - +1 cloak of Starlight {rElec rC+ EV+4 Stlth--}
rCorr    +         Harm     .   N - +1 pair of gloves {Dex+3}
MR       +....                  Z - +1 pair of boots {Stlth+}
Stlth    +.........             (no amulet)
HPRegen  0.29/turn              v - ring "Lebillipt" {rCorr Int+2 Dex+5}
MPRegen  0.11/turn              B - ring "Xudous" {rF+ Str+7 Int-4}

@: held
A: beak, horns 2, iridescent scales 3, clever 1, demonic guardian 1, low mp 1,
sense surroundings 1, shaggy fur 1, spiny 2, no potion heal 1
a: Renounce Religion


You were on level 2 of the Spider Nest.
You worshipped Xom.
You were a special plaything of Xom.
You were not hungry.

You visited 4 branches of the dungeon, and saw 22 of its levels.
You visited the Abyss 1 time.
You visited 1 bazaar.
You also visited: Sewer, Gauntlet and Volcano.

You collected 2398 gold pieces.
You spent 1511 gold pieces at shops.

Inventory:

Hand Weapons
 a - the +8 short sword of Change {venom, *Rage +Blink Str+8 Dex+4}
   (You found it on level 2 of the Lair of Beasts)

   It poisons the flesh of those it strikes.
   It affects your strength (+8).
   It affects your dexterity (+4).
   It lets you blink.
   It may make you go berserk in combat.
 b - the +9 war axe of Cesuxeni (weapon) {antimagic, rElec rPois rF+++ Int-4}
   (You took it off a minotaur in a Gauntlet)

   It reduces the magical energy of the wielder, and disrupts the spells and
   magical abilities of those hit.
   Natural abilities and divine invocations are not affected.
   It affects your intelligence (-4).
   It renders you almost immune to fire.
   It insulates you from electricity.
   It protects you from poison.
 R - the +2 long sword of Ysul {protect, rElec rC+ rN+++ Int-2}
   (You found it in a Gauntlet)

   It grants its wielder temporary protection when it strikes (+7 to AC).
   It affects your intelligence (-2).
   It protects you from cold.
   It insulates you from electricity.
   It renders you almost immune to negative energy.
Missiles
 d - 4 throwing nets
 x - 13 silver javelins
 D - 12 boomerangs
 M - 16 poisoned darts (quivered)
Armour
 i - a +3 scale mail of fire resistance
 j - the +1 cloak of Starlight (worn) {rElec rC+ EV+4 Stlth--}
   (You bought it in a shop on level 2 of the Orcish Mines)

   It affects your evasion (+4).
   It protects you from cold.
   It insulates you from electricity.
   It makes you much less stealthy.
 s - the +0 shield of Hoekhleny (worn) {rC- MP+9 Str+3 Dex+2}
   (You took it off a minotaur in a Gauntlet)

   It affects your strength (+3).
   It affects your dexterity (+2).
   It makes you vulnerable to cold.
   It affects your magic capacity (+9).
 N - a +1 pair of gloves of dexterity (worn)
 U - the +0 hat of the Burgomaster (worn) {rC+ Str+3 Int+2 Stlth+}
   (You found it in a Gauntlet)

   It affects your strength (+3).
   It affects your intelligence (+2).
   It protects you from cold.
   It makes you more stealthy.
 V - the +1 chain mail of Amorality (worn) {Str+4 Slay+2}
   (You found it in a Gauntlet)

   It affects your strength (+4).
   It affects your accuracy and damage with ranged weapons and melee attacks
   (+2).
 Y - a +4 scale mail of cold resistance
 Z - a +1 pair of boots of stealth (worn)
Jewellery
 v - the ring "Lebillipt" (left hand) {rCorr Int+2 Dex+5}
   (You took it off a minotaur in a Gauntlet)

   [ring of resist corrosion]

   It affects your intelligence (+2).
   It affects your dexterity (+5).
   It provides partial protection from all sources of acid and corrosion.
 B - the ring "Xudous" (right hand) {rF+ Str+7 Int-4}
   (You found it in a Gauntlet)

   [ring of protection from fire]

   It affects your strength (+7).
   It affects your intelligence (-4).
   It protects you from fire.
 I - an uncursed ring of flight
 L - an uncursed ring of see invisible
 S - a +4 amulet of reflection
Wands
 h - a wand of digging (9)
 l - a wand of flame (30)
 p - a wand of clouds (5)
 t - a wand of polymorph (6)
 u - a wand of disintegration (41)
 A - a wand of random effects (3)
 J - a wand of paralysis (18)
 K - a wand of acid (31)
 T - a wand of enslavement (4)
Scrolls
 e - a scroll of torment
 g - 5 scrolls of teleportation
 k - 5 scrolls of identify
 r - 7 scrolls of enchant weapon
 y - 2 scrolls of immolation
 E - 4 scrolls of remove curse
 G - a scroll of fear
 P - 2 scrolls of amnesia
 Q - 2 scrolls of blinking
 X - a scroll of magic mapping
Potions
 c - 2 potions of berserk rage
 m - 8 potions of lignification
 n - 14 potions of curing
 o - a potion of ambrosia
 q - 2 potions of flight
 w - 5 potions of might
 z - 3 potions of agility
 C - 2 potions of heal wounds
 F - 3 potions of brilliance
 O - a potion of cancellation {unknown}
Comestibles
 f - 42 rations
 H - 2 chunks of flesh


   Skills:
 - Level 11.3 Fighting
 + Level 11.2 Short Blades
 - Level 7.8(8.0) Axes
   Level 2.0(5.3) Polearms
 - Level 2.0 Throwing
 - Level 11.4 Armour
 - Level 3.0 Dodging
 - Level 6.2 Stealth
 * Level 12.7 Shields
 + Level 9.9 Evocations


You had 14 spell levels left.
You didn't know any spells.
Your spell library contained the following spells:

 Spells                   Type           Power        Failure   Level  Hunger
 Animate Skeleton         Necr           N/A          85%         1    ##.....
 Apportation              Tloc           #.....       85%         1    ##.....
 Confusing Touch          Hex            #.....       85%         1    ##.....
 Flame Tongue             Conj/Fire      #....        85%         1    ##.....
 Summon Small Mammal      Summ           #...         85%         1    ##.....
 Call Imp                 Summ           #.......     94%         2    ###....
 Throw Flame              Conj/Fire      #.....       94%         2    ###....
 Call Canine Familiar     Summ           #.......     99%         3    ####...
 Conjure Flame            Conj/Fire      #.......     99%         3    ####...
 Inner Flame              Hex/Fire       #.......     99%         3    ####...
 Summon Guardian Golem    Hex/Summ       #.......     99%         3    ####...
 Sticky Flame             Conj/Fire      #.......     100%        4    #####..
 Summon Ice Beast         Ice/Summ       #.......     100%        4    #####..
 Summon Lightning Spire   Summ/Air       #.......     100%        4    #####..
 Fireball                 Conj/Fire      #.........   100%        5    ######.
 Irradiate                Conj/Tmut      #.........   100%        5    ######.
 Hydra Form               Tmut           #.........   100%        6    #######
 Statue Form              Tmut/Erth      #........    100%        6    #######
 Dragon Form              Tmut           #.........   100%        7    #######


Dungeon Overview and Level Annotations

Branches:
Dungeon (12/15)            Temple (0/1) D:4            Lair (6/6) D:9
 Shoals (0/4) Lair:4       Spider (2/4) Lair:3        Slime (0/5) Lair:5
    Orc (2/2) D:9             Elf (0/3) Orc:2         Sewer (visited)
Volcano (visited)         Gauntlet (visited)

Altars:
Ashenzari
Elyvilon
Fedhas
Gozag
Hepliaklqana
Kikubaaqudgha
Makhleb
Okawaru
Qazlal
Wu Jian
Xom
Yredelemnul
Zin
The Shining One

Shops:
D:7 (   D:8 %:=:   D:11 ?   D:12 *   Orc:2 (:[*

Annotations:
D:3 2 transporters, 3 runed translucent doors, Curus's ghost, amateur HOAK
D:6 1 runed translucent door, Quickbrownfox's ghost, novice OpTm
D:8 1 exclusion


Innate Abilities, Weirdness & Mutations

You have a pair of horns on your head.
You are completely covered in iridescent scales. (AC +6)
A weak demonic guardian rushes to your aid.
You are mostly covered in sharp spines.
You have a beak for a mouth.
Your mind is acute. (Int +2)
Your magical capacity is low. (-10% MP)
You passively map a small area around you.
You are covered in fur. (AC +1)
Potions are less effective at restoring your health.


Message History

Xom thinks this is hilarious!
The demonic crawler hits you but does no damage.
Unknown command.
Unknown command.
Your system partially rejects the healing.
You feel much better.
The jumping spider leaps!
Your quasit closely misses the jumping spider.
Your quasit barely misses the jumping spider.
Your quasit completely misses the jumping spider.
The jumping spider leaps!
The jumping spider misses you.
The jumping spider bites you but does no damage.
The wolf spider hits you!
* * * LOW HITPOINT WARNING * * *
Xom roars with laughter!
The wolf spider closely misses you.
The demonic crawler is struck by your spines.
The demonic crawler hits you but does no damage.
The demonic crawler barely misses you. The demonic crawler hits you.
You die...
Xom guffaws!

,####........ , , ,
##..^........ ,
,,#......†...).
##################...... ,
..^........#........#...
.......s..^##.......##..
*,............#.....#..##. ,
^....5......s.^.#.#...## *
..#.s@○s......###....# ,
#.ss.5.s......#.....
##############......##...)
##.....#........#.....#..##
#..^...#........##....##.^,
##...............#...<.#...
#####........#.)..#.....##..
#...##....####....#......#
##........#....#.^#......#


You could see a demonic crawler, a wolf spider, an orb spider, 4 jumping
spiders, a friendly quasit and a friendly white imp.

Vanquished Creatures
  Nikola (Spider:2)
  Gastronok (Lair:3)
  Kirke (Spider:1)
  An emperor scorpion (Spider:2)
  An orc warlord (Orc:2)
  An entropy weaver (Spider:1)
  5 dire elephants (Lair:6)
  A minotaur (Gauntlet)
  Snorg (Lair:3)
  A hell beast (Gauntlet)
  5 hydras
  An anaconda (Lair:6)
  A dancing weapon (Volcano)
  4 two-headed ogres
  3 orc high priests (Orc:2)
  Sonja (Lair:4)
  5 wizards (Volcano)
  A lindwurm (Lair:6)
  A mana viper (D:9)
  3 orc knights (Orc:2)
  5 orb spiders
  5 orc sorcerers (Orc:2)
  2 ugly things (D:11)
  10 wolf spiders
  2 manticores (D:11)
  4 toenail golems (Volcano)
  20 elephants
  4 black mambas
  A merfolk siren (Lair:4)
  A cyclops (D:12)
  2 torpor snails (Spider:2)
  A gargoyle (D:11)
  5 rime drakes
  11 spiny frogs
  6 komodo dragons
  5 demonic crawlers
  9 trolls
  14 jumping spiders
  A meliai (Lair:4)
  3 hornets
  9 blink frogs
  10 hippogriffs
  3 slime creatures (Lair:5)
  22 redbacks
  A shadow (D:12)
  8 tarantellas
  A vampire (D:12)
  43 yaks
  Sigmund (D:4)
  4 wyverns
  5 hogs (Spider:1)
  3 basilisks
  7 wargs
  15 water moccasins
  2 hell hounds (Gauntlet)
  5 porcupines
  A floating eye (Lair:3)
  3 ice beasts
  26 orc warriors
  A meliai simulacrum (Gauntlet)
  3 sky beasts
  A black bear (D:11)
  2 necrophages (D:8)
  7 ogres
  6 wolves
  4 phantoms
  5 centaurs
  15 crocodiles
  4 big kobolds
  A gnoll sergeant (D:7)
  11 bullfrogs
  4 scorpions
  4 wights
  6 killer bees
  4 howler monkeys
  2 electric eels (Lair:4)
  4 crimson imps
  A quasit (D:5)
  3 hounds
  3 jellies
  A wyvern simulacrum (Gauntlet)
  A bullfrog zombie (D:7)
  A bullfrog skeleton (D:12)
  18 orc priests
  A centaur skeleton (D:10)
  4 iguanas
  25 orc wizards
  11 worker ants
  2 bullfrog simulacra (Gauntlet)
  2 hound zombies (D:5)
  A hound skeleton (D:8)
  Robin (D:3)
  2 worker ant zombies
  6 gnolls
  22 adders
  A howler monkey skeleton (D:9)
  2 shadow imps
  An ooze (D:2)
  5 worms
  A dart slug (D:4)
  11 leopard geckos
  77 orcs
  9 giant cockroaches
  8 goblins
  16 hobgoblins
  15 jackals
  19 kobolds
  3 quokkas
  6 ball pythons
  11 bats
  2 frilled lizards
  A quokka zombie (D:5)
  6 rats
  5 butterflies
  2 fungi (Lair:6)
  3 plants (Lair:6)
712 creatures vanquished.

Vanquished Creatures (collateral kills)
  Erolcha (D:11)
  An orb spider (Spider:2)
  An orc sorcerer (Orc:2)
  A toenail golem (Volcano)
  A torpor snail (Spider:2)
  A centaur zombie (D:11)
  A spiny frog (Lair:3)
  A jumping spider (Spider:1)
  2 blink frogs
  A redback (Spider:1)
  3 yaks
  A hungry ghost (D:8)
  A basilisk (D:11)
  Grum (D:10)
  A water moccasin (Lair:6)
  4 orc warriors (Orc:2)
  A phantom (D:5)
  An ice beast (D:10)
  A necrophage (D:8)
  2 wolves (D:10)
  3 ogres
  A crocodile (Lair:6)
  A bullfrog (D:8)
  A big kobold (D:11)
  2 killer bees (D:10)
  A crimson imp (D:6)
  A jelly (D:5)
  2 orc wizards
  3 iguanas
  A gnoll (D:7)
  5 orcs
  2 jackals (D:5)
  A plant (Lair:6)
51 creatures vanquished.

Vanquished Creatures (others)
  A dancing weapon (D:11)
  A human (Spider:1)
  An orc warrior (D:10)
  An adder (D:9)
  3 orcs
  2 bushes (D:9)
  13 fungi
  5 plants
  16 withered plants (Gauntlet)
43 creatures vanquished.

Grand Total: 806 creatures vanquished

Notes
Turn   | Place    | Note
-------+----------+-------------------------------------------
     0 | D:1      | FishyPogo the Demonspawn Gladiator began the quest for the
                  | Orb.
     0 | D:1      | Reached XP level 1. HP: 16/16 MP: 1/1
   189 | D:1      | Gained mutation: You are partially covered in sharp spines.
                  | [demonic ancestry]
   189 | D:1      | Reached XP level 2. HP: 22/22 MP: 2/2
   316 | D:1      | Reached skill level 1 in Armour
   797 | D:2      | Gained mutation: You have a pair of small horns on your
                  | head. [demonic ancestry]
   797 | D:2      | Reached XP level 3. HP: 12/28 MP: 3/3
  1234 | D:2      | Found a blossoming altar of Fedhas.
  1239 | D:2      | Gained mutation: You are partially covered in iridescent
                  | scales. (AC +2) [demonic ancestry]
  1239 | D:2      | Reached XP level 4. HP: 30/34 MP: 4/4
  1620 | D:3      | Found a transporter.
  1648 | D:3      | Found a transporter.
  1871 | D:3      | Reached XP level 5. HP: 39/41 MP: 5/5
  1885 | D:3      | Found a glowing drain.
  1914 | Sewer    | Entered a sewer
  2096 | Sewer    | Gained mutation: You are mostly covered in sharp spines.
                  | [demonic ancestry]
  2096 | Sewer    | Reached XP level 6. HP: 39/48 MP: 6/6
  2384 | D:3      | Found a glowing silver altar of Zin.
  2418 | D:3      | Found a runed translucent gate.
  2418 | D:3      | Found a runed translucent gate.
  2418 | D:3      | Found a runed translucent gate.
  2419 | D:3      | Noticed Curus's ghost (amateur HOAK)
  2538 | D:3      | Noticed Robin
  2584 | D:3      | Killed Robin
  2673 | D:3      | Found an ancient bone altar of Kikubaaqudgha.
  3155 | D:4      | Gained mutation: A weak demonic guardian rushes to your
                  | aid. [demonic ancestry]
  3155 | D:4      | Reached XP level 7. HP: 50/55 MP: 7/7
  3212 | D:4      | Noticed Sigmund
  3218 | D:4      | Killed Sigmund
  3218 | D:4      | Reached skill level 5 in Fighting
  3551 | D:4      | Found a stormy altar of Qazlal.
  3554 | D:4      | Noticed a water elemental
  3554 | D:4      | Noticed a fire elemental
  3554 | D:4      | Noticed an air elemental
  3607 | D:4      | Found a shimmering altar of Xom.
  3613 | D:4      | Became a worshipper of Xom of Chaos
  3774 | D:4      | Found a staircase to the Ecumenical Temple.
  3817 | D:4      | XOM: divination: magic mapping
  3921 | D:4      | Found a glowing golden altar of the Shining One.
  4038 | D:4      | XOM: harmless Tloc miscast
  4072 | D:5      | Entered Level 5 of the Dungeon
  4082 | D:5      | XOM: divination: detect items
  4184 | D:5      | XOM: potion effect (invisibility)
  4184 | D:5      | Reached skill level 5 in Armour
  4187 | D:5      | Reached XP level 8. HP: 64/64 MP: 8/8
  4285 | D:5      | Found a hazy altar of Hepliaklqana.
  4411 | D:5      | Reached skill level 5 in Short Blades
  4550 | D:5      | XOM: stat loss: -1 Dex (13/14)
  4892 | D:6      | Found a white marble altar of Elyvilon.
  4968 | D:6      | XOM: polymorph iron imp -> shadow imp
  5026 | D:6      | XOM: divination: detect items
  5031 | D:6      | XOM: summons 6 friendly demons
  5071 | D:6      | XOM: butterfly on damage
  5118 | D:6      | XOM: 1-stop teleportation journey
  5174 | D:6      | Found an ornate altar of the Wu Jian Council.
  5179 | D:6      | XOM: summons 4 friendly demons
  5211 | D:6      | Gained mutation: You are mostly covered in iridescent
                  | scales. (AC +4) [demonic ancestry]
  5211 | D:6      | Reached XP level 9. HP: 58/72 MP: 9/9
  5314 | D:6      | Found a runed translucent door.
  5315 | D:6      | Found a shimmering altar of Xom.
  5315 | D:6      | Noticed Quickbrownfox's ghost (novice OpTm)
  5315 | D:6      | Noticed a +1 spear of chaos
  5619 | D:7      | XOM is BORED!
  5619 | D:7      | XOM: medium Fire miscast
  5880 | D:7      | XOM: noise
  5882 | D:7      | Found Qiagimog's Antique Weapon Shoppe.
  5888 | D:7      | Bought an iridescent dire flail for 270 gold pieces
  5888 | D:7      | Identified the +1 dire flail "Hich" {vamp, rF+ MR++} (You
                  | bought it in a shop on level 7 of the Dungeon)
  6281 | D:8      | XOM: polymorph bullfrog -> crocodile
  6422 | D:8      | Found Zabun's Jewellery Shop.
  6452 | D:8      | Identified a scroll of acquirement
  6814 | D:8      | Found a burning altar of Makhleb.
  6824 | D:8      | XOM: noise
  6844 | D:8      | XOM: enchant monster (bad)
  6899 | D:8      | Noticed a two-headed ogre
  6916 | D:8      | XOM: repel stairs
  6919 | D:8      | XOM: destruction
  6926 | D:8      | Killed a two-headed ogre
  6946 | D:8      | XOM: butterfly on damage
  7018 | D:8      | Found Mamaxi Feit's Food Boutique.
  7030 | D:8      | Found Xuucipp's Book Emporium.
  7045 | D:8      | Found an iron altar of Okawaru.
  7127 | D:8      | XOM: summons 2 hostile shadow creatures
  7182 | D:8      | Found Ygod's Book Shop.
  7570 | D:9      | Found a shattered altar of Ashenzari.
  7595 | D:9      | Found an opulent altar of Gozag.
  7607 | D:9      | Found a white marble altar of Elyvilon.
  7646 | D:9      | Found a staircase to the Lair.
  7649 | D:9      | XOM: swap monsters
  7649 | D:9      | Noticed a two-headed ogre
  7654 | D:9      | Gained mutation: You have a pair of horns on your head.
                  | [demonic ancestry]
  7654 | D:9      | Reached XP level 10. HP: 54/81 MP: 10/10
  7750 | D:9      | XOM: give mutation
  7750 | D:9      | Gained mutation: You are frail. (-10% HP) [Xom's mischief]
  7984 | D:9      | XOM: medium Ice miscast
  7995 | D:9      | Reached skill level 1 in Stealth
  8291 | D:9      | XOM: polymorph iron imp -> white imp
  8311 | D:9      | XOM: mild Tloc miscast
  8318 | D:9      | XOM: destruction
  8494 | D:8      | XOM: give mutation
  8494 | D:8      | Gained mutation: You are agile. (Dex +2) [Xom's grace]
  8510 | D:9      | Noticed a mana viper
  8510 | D:9      | a two-headed ogre changed into a mana viper
  8510 | D:9      | XOM: polymorph two-headed ogre -> mana viper
  8526 | D:9      | Killed a mana viper
  8671 | D:9      | Found a basalt altar of Yredelemnul.
  8831 | D:9      | Found a staircase to the Orcish Mines.
  8855 | D:10     | Entered Level 10 of the Dungeon
  8952 | D:10     | XOM: medium Tmut miscast
  9150 | D:10     | XOM: enchant monster (bad)
  9160 | D:10     | XOM: medium Chrm miscast
  9236 | D:10     | XOM: give mutations
  9236 | D:10     | Gained mutation: You possess an exceptional clarity of
                  | mind. [Xom's grace]
  9236 | D:10     | Gained mutation: You are resistant to hostile enchantments.
                  | (MR+) [Xom's grace]
  9236 | D:10     | Gained mutation: You expend magic power (3 MP) to
                  | strengthen your wands. [Xom's grace]
  9236 | D:10     | Gained mutation: You have large cloven feet. [Xom's grace]
  9253 | D:10     | Found a glowing silver altar of Zin.
  9269 | D:10     | XOM: polymorph wolf -> worker ant
  9272 | D:10     | Noticed Grum
  9280 | D:10     | Reached skill level 10 in Fighting
  9288 | D:10     | Killed Grum
  9568 | D:10     | XOM: destruction
  9653 | D:10     | XOM: summons friendly quasit
  9663 | D:10     | XOM: enchant monster (good)
  9821 | D:10     | XOM: scenery: create altars
  9850 | D:10     | Reached XP level 11. HP: 75/79 MP: 11/11
 10115 | D:10     | XOM: cloud trail
 10126 | D:11     | Reached skill level 10 in Armour
 10129 | D:11     | Noticed a two-headed ogre
 10136 | D:11     | Noticed Erolcha
 10154 | D:11     | Noticed a purple ugly thing
 10165 | D:11     | Killed a purple ugly thing
 10211 | D:11     | XOM: summons 4 friendly demons
 10215 | D:11     | Killed a two-headed ogre
 10218 | D:11     | XOM: scenery: create altars
 10531 | D:11     | Noticed a red ugly thing
 10552 | D:11     | Killed a red ugly thing
 10852 | D:11     | Noticed a two-headed ogre
 10880 | D:11     | Killed a two-headed ogre
 10907 | D:11     | XOM: give mutations
 10907 | D:11     | Gained mutation: You are completely covered in iridescent
                  | scales. (AC +6) [Xom's grace]
 10907 | D:11     | Gained mutation: You have supernaturally acute eyesight.
                  | (SInv) [Xom's grace]
 10947 | D:11     | Reached skill level 5 in Stealth
 11041 | D:11     | Killed Erolcha
 11131 | D:11     | XOM: scenery: create altars
 11143 | D:11     | Found Wecsubuf's Magic Scroll Emporium.
 11143 | D:11     | XOM: 9-stop teleportation journey
 11147 | D:11     | XOM: medium Ice miscast
 11709 | D:11     | XOM: mild Tloc miscast
 11882 | D:11     | XOM: medium Pois miscast
 11978 | D:12     | Found Komiom's Assorted Antiques.
 11988 | D:12     | Bought a crude halberd for 216 gold pieces
 11988 | D:12     | Identified the +9 halberd of Callousness {drain, Int+2}
                  | (You bought it in a shop on level 12 of the Dungeon)
 12084 | D:12     | Found a gateway to a bazaar.
 12096 | Bazaar   | Entered a bazaar
 12096 | Bazaar   | Found Upuexuv's Gadget Emporium.
 12100 | Bazaar   | Found Xuhox's Magic Scroll Emporium.
 12111 | Bazaar   | Found Qalaf's Magic Scroll Shop.
 12129 | Bazaar   | Found Cumeow's Weapon Shop.
 12266 | D:12     | Reached skill level 1 in Polearms
 12282 | D:12     | Noticed a green ugly thing
 12282 | D:12     | XOM: smoke on damage
 12285 | D:12     | XOM: polymorph white imp -> ufetubus
 12772 | Lair:1   | Entered Level 1 of the Lair of Beasts
 12788 | Lair:1   | Found a gate leading to a gauntlet.
 12795 | Gauntlet | Entered a Gauntlet
 12795 | Gauntlet | Found a transporter.
 12795 | Gauntlet | Found a transporter.
 12800 | Gauntlet | Found a transporter.
 12815 | Gauntlet | Found a transporter.
 12832 | Gauntlet | Found a transporter.
 12843 | Gauntlet | Found a transporter.
 12855 | Gauntlet | Noticed a hell beast
 12942 | Gauntlet | Found a transporter.
 12975 | Gauntlet | Found a transporter.
 12976 | Gauntlet | Found a transporter.
 12982 | Gauntlet | Found a transporter.
 12985 | Gauntlet | Noticed a glowing orange brain
 12987 | Gauntlet | Noticed a glowing orange brain
 13003 | Gauntlet | Found a transporter.
 13004 | Gauntlet | Noticed a shining eye
 13009 | Gauntlet | Noticed a white ugly thing
 13010 | Gauntlet | Found a transporter.
 13029 | Gauntlet | Found a transporter.
 13030 | Gauntlet | XOM: summons 2 hostile shadow creatures
 13070 | Gauntlet | XOM: harmless Chrm miscast
 13076 | Gauntlet | Found a transporter.
 13120 | Gauntlet | Found a transporter.
 13136 | Gauntlet | Found a transporter.
 13227 | Gauntlet | XOM: polymorph white imp -> ufetubus
 13227 | Gauntlet | Paralysed by a hornet for 1 turns
 13237 | Gauntlet | XOM: cleaving
 13239 | Gauntlet | XOM: confuse monster(s)
 13246 | Gauntlet | Got an ichor-stained long sword
 13247 | Gauntlet | Identified the cursed +2 long sword of Ysul {protect, rElec
                  | rC+ rN+++ Int-2} (You found it in a Gauntlet)
 13341 | Gauntlet | Killed a hell beast
 13341 | Gauntlet | Reached XP level 12. HP: 47/90 MP: 12/12
 13439 | Gauntlet | Identified the +9 war axe of Cesuxeni {antimagic, rElec
                  | rPois rF+++ Int-4}
 13439 | Gauntlet | Identified the cursed +0 shield of Hoekhleny {rC- MP+9
                  | Str+3 Dex+2}
 13439 | Gauntlet | Identified the ring "Lebillipt" {rCorr Int+2 Dex+5}
 13439 | Gauntlet | Noticed a minotaur
 13474 | Gauntlet | Killed a minotaur
 13494 | Gauntlet | Got a crude lapis lazuli ring
 13503 | Gauntlet | Got a faintly humming hat
 13503 | Gauntlet | Got an ichor-stained chain mail
 13527 | Gauntlet | XOM: mild Ice miscast
 13538 | Gauntlet | Identified the cursed +1 chain mail of Amorality {Str+4
                  | Slay+2} (You found it in a Gauntlet)
 13543 | Gauntlet | Identified the cursed +0 hat of the Burgomaster {rC+ Str+3
                  | Int+2 Stlth+} (You found it in a Gauntlet)
 13559 | Lair:1   | Identified the ring "Xudous" {rF+ Str+7 Int-4} (You found
                  | it in a Gauntlet)
 13597 | Lair:1   | XOM: polymorph blink frog -> wyvern
 13607 | Lair:1   | Reached skill level 1 in Axes
 13607 | Lair:1   | Reached skill level 1 in Shields
 13657 | Lair:1   | Got a crude chain mail
 13660 | Lair:1   | XOM: blink monster(s)
 13711 | Lair:1   | Reached skill level 2 in Shields
 13797 | Lair:1   | XOM: polymorph crocodile -> basilisk
 13875 | Lair:1   | XOM: enchant monster (good)
 13885 | Lair:1   | XOM: swap monsters
 13888 | Lair:1   | Reached skill level 3 in Shields
 13930 | Lair:1   | XOM: cast spell 'Olgreb's Toxic Radiance'
 14044 | Lair:1   | XOM: swap monsters
 14055 | Lair:1   | XOM: stat loss: -1 Dex (23/24)
 14327 | Lair:2   | Identified the cursed +0 chain mail of the Barber Surgeon
                  | {Int+6} (You found it on level 1 of the Lair of Beasts)
 14339 | Lair:2   | XOM: noise
 14350 | Lair:2   | Reached skill level 4 in Shields
 14595 | Lair:2   | Found a dark tunnel.
 14611 | Volcano  | Entered a volcano
 14639 | Volcano  | Reached skill level 5 in Axes
 14639 | Volcano  | Reached skill level 5 in Shields
 14724 | Volcano  | Reached skill level 6 in Shields
 15039 | Lair:2   | Got a transparent short sword
 15040 | Lair:2   | Identified the +8 short sword of Change {venom, *Rage
                  | +Blink Str+8 Dex+4} (You found it on level 2 of the Lair of
                  | Beasts)
 15090 | Lair:2   | XOM: summons 3 hostile demons
 15110 | Lair:2   | XOM: draining
 15117 | Lair:2   | Got a brightly glowing mace
 15132 | Lair:2   | Identified the +3 mace "Zalat" {protect, Int+2} (You found
                  | it on level 2 of the Lair of Beasts)
 15140 | Lair:2   | XOM: 1-stop teleportation journey
 15197 | Lair:2   | Noticed a seven-headed hydra
 15205 | Lair:2   | Killed a five-headed hydra
 15546 | Lair:3   | Mutation became permanent: You are mostly covered in
                  | iridescent scales. (AC +4) [demonic ancestry]
 15546 | Lair:3   | Gained mutation: You are completely covered in iridescent
                  | scales. (AC +6) [demonic ancestry]
 15546 | Lair:3   | Reached XP level 13. HP: 95/95 MP: 13/13
 15651 | Lair:3   | Reached skill level 1 in Evocations
 15846 | Lair:3   | Noticed Gastronok
 15849 | Lair:3   | Noticed Snorg
 15869 | Lair:3   | XOM: summons 7 friendly demons
 15872 | Lair:3   | XOM: fog
 15874 | Lair:3   | XOM: fog
 16142 | Lair:3   | XOM: enchant monster (good)
 16155 | Lair:3   | Killed Gastronok
 16155 | Lair:3   | Reached skill level 7 in Shields
 16546 | Lair:3   | Killed Snorg
 16587 | Lair:3   | XOM: polymorph hippogriff -> floating eye
 16768 | Lair:3   | Found a hole to the Spider Nest.
 16889 | Lair:4   | Noticed Sonja
 16966 | Lair:4   | Killed Sonja
 17078 | Lair:4   | Found a staircase to the Shoals.
 17151 | Lair:4   | XOM: cleaving
 17234 | Lair:4   | Reached skill level 8 in Shields
 17291 | Lair:4   | Reached skill level 5 in Evocations
 17291 | Lair:4   | XOM: noise
 17295 | Lair:4   | XOM: noise
 17296 | Lair:4   | XOM: harmless Tmut miscast
 17300 | Lair:4   | XOM: stat loss: -1 Str (40/41)
 17307 | Lair:4   | XOM: polymorph spiny frog -> meliai
 17618 | Lair:4   | XOM: smoke on damage
 17742 | Lair:4   | XOM: give mutation
 17742 | Lair:4   | Gained mutation: Your body sometimes deteriorates upon
                  | taking damage. [Xom's mischief]
 17978 | Lair:5   | XOM: noise
 17999 | Lair:5   | XOM: cleaving
 18195 | Lair:5   | XOM: silly message
 18624 | Lair:5   | XOM: summons 5 hostile demons
 18661 | Lair:5   | Found a staircase to the Slime Pits.
 18926 | Lair:6   | Entered Level 6 of the Lair of Beasts
 18938 | Lair:6   | Reached XP level 14. HP: 100/101 MP: 6/18
 19023 | Lair:6   | Reached skill level 9 in Shields
 19124 | Lair:6   | XOM is BORED!
 19124 | Lair:6   | XOM: summons 3 hostile shadow creatures
 19243 | Lair:6   | XOM: polymorph yak -> lindwurm
 19256 | Lair:6   | XOM: chaos cloud
 19277 | Lair:6   | XOM: mild Erth miscast
 19285 | Lair:6   | XOM: summons 7 hostile demons
 19295 | Lair:6   | HP: 4/101 [sun demon[Xom] (9)]
 19351 | Lair:5   | XOM: harmless Tloc miscast
 19439 | Lair:6   | XOM: give mutations
 19439 | Lair:6   | Gained mutation: You are very frail. (-20% HP) [Xom's
                  | mischief]
 19439 | Lair:6   | Lost mutation: You have supernaturally acute eyesight.
                  | (SInv) [Xom's mischief]
 19439 | Lair:6   | Gained mutation: Scrolls take you a little longer to read.
                  | [Xom's mischief]
 19492 | Lair:6   | XOM: stat loss: -1 Str (35/36)
 19529 | Lair:6   | XOM: stat loss: -1 Str (42/44)
 19692 | Lair:6   | XOM: harmless Necr miscast
 19905 | Lair:6   | XOM: harmless Pois miscast
 20171 | Lair:6   | XOM: potion effect (brilliance)
 20178 | Lair:6   | Reached skill level 10 in Shields
 20275 | Lair:6   | XOM: silly message
 20294 | Lair:6   | XOM: harmless Tloc miscast
 20351 | Lair:6   | XOM: enchant monster (good)
 20674 | Lair:6   | XOM: smoke on damage
 20741 | Lair:6   | Reached skill level 10 in Short Blades
 20820 | Lair:6   | XOM: scenery: 2 doors close
 21063 | D:9      | XOM: noise
 21105 | Orc:1    | Entered Level 1 of the Orcish Mines
 21218 | Orc:1    | XOM: severe Hex miscast
 21234 | Orc:1    | Lost mutation: You are very frail. (-20% HP) [mutagenic
                  | glow]
 21256 | Orc:2    | Entered Level 2 of the Orcish Mines
 21261 | Orc:2    | XOM: give mutations
 21261 | Orc:2    | Gained mutation: Scrolls take you longer to read. [Xom's
                  | mischief]
 21261 | Orc:2    | Gained mutation: Scrolls take you much longer to read.
                  | [Xom's mischief]
 21261 | Orc:2    | Gained mutation: You are dopey. (Int -2) [Xom's mischief]
 21305 | Orc:1    | Gained mutation: Potions are less effective at restoring
                  | your health. [mutagenic glow]
 21312 | Orc:1    | Lost mutation: You possess an exceptional clarity of mind.
                  | [potion of mutation]
 21312 | Orc:1    | Lost mutation: You are resistant to hostile enchantments.
                  | (MR+) [potion of mutation]
 21312 | Orc:1    | Gained mutation: You can translocate small distances at
                  | will. [potion of mutation]
 21312 | Orc:1    | Gained mutation: You passively map a small area around you.
                  | [potion of mutation]
 21313 | Orc:1    | Lost mutation: Scrolls take you much longer to read.
                  | [potion of mutation]
 21313 | Orc:1    | Lost mutation: You expend magic power (3 MP) to strengthen
                  | your wands. [potion of mutation]
 21313 | Orc:1    | Lost mutation: You are dopey. (Int -2) [potion of mutation]
 21313 | Orc:1    | Lost mutation: Your body sometimes deteriorates upon taking
                  | damage. [potion of mutation]
 21313 | Orc:1    | Lost mutation: You have large cloven feet. [potion of
                  | mutation]
 21313 | Orc:1    | Gained mutation: You are very frail. (-20% HP) [potion of
                  | mutation]
 21313 | Orc:1    | Lost mutation: You are very frail. (-20% HP) [potion of
                  | mutation]
 21313 | Orc:1    | Gained mutation: Your spells are a little harder to cast,
                  | but a little more powerful. [potion of mutation]
 21314 | Orc:1    | Lost mutation: You are frail. (-10% HP) [potion of
                  | mutation]
 21314 | Orc:1    | Lost mutation: You are agile. (Dex +2) [potion of mutation]
 21314 | Orc:1    | Lost mutation: Your spells are a little harder to cast, but
                  | a little more powerful. [potion of mutation]
 21314 | Orc:1    | Gained mutation: You are covered in fur. (AC +1) [potion of
                  | mutation]
 21314 | Orc:1    | Gained mutation: Your mind is acute. (Int +2) [potion of
                  | mutation]
 21314 | Orc:1    | Gained mutation: You have a beak for a mouth. [potion of
                  | mutation]
 21314 | Orc:1    | Gained mutation: Your mind is very acute. (Int +4) [potion
                  | of mutation]
 21315 | Orc:1    | Lost mutation: Scrolls take you longer to read. [potion of
                  | mutation]
 21315 | Orc:1    | Lost mutation: Your mind is very acute. (Int +4) [potion of
                  | mutation]
 21315 | Orc:1    | Lost mutation: Your mind is acute. (Int +2) [potion of
                  | mutation]
 21315 | Orc:1    | Lost mutation: Scrolls take you a little longer to read.
                  | [potion of mutation]
 21315 | Orc:1    | Gained mutation: You are covered in thick fur. (AC +2)
                  | [potion of mutation]
 21315 | Orc:1    | Gained mutation: Your mind is acute. (Int +2) [potion of
                  | mutation]
 21315 | Orc:1    | Gained mutation: Your spells are a little harder to cast,
                  | but a little more powerful. [potion of mutation]
 21316 | Orc:1    | Lost mutation: You are covered in thick fur. (AC +2)
                  | [potion of mutation]
 21316 | Orc:1    | Lost mutation: You passively map a small area around you.
                  | [potion of mutation]
 21316 | Orc:1    | Lost mutation: You can translocate small distances at will.
                  | [potion of mutation]
 21316 | Orc:1    | Lost mutation: Your spells are a little harder to cast, but
                  | a little more powerful. [potion of mutation]
 21316 | Orc:1    | Gained mutation: Your magical capacity is low. (-10% MP)
                  | [potion of mutation]
 21316 | Orc:1    | Gained mutation: You passively map a small area around you.
                  | [potion of mutation]
 21326 | Orc:2    | XOM: cast spell 'Summon Butterflies'
 21337 | Orc:2    | Found a staircase to the Elven Halls.
 21611 | Orc:2    | XOM: silly message
 21684 | Orc:2    | XOM: enchant monster (good)
 21685 | Orc:2    | XOM: summons 10 friendly demons
 21699 | Orc:2    | Found Irouk's Book Shoppe.
 21805 | Orc:2    | Reached skill level 11 in Shields
 21884 | Orc:2    | Found Saofeid's Antique Weapon Emporium.
 21922 | Orc:2    | Noticed an orc warlord
 21994 | Orc:2    | XOM: destruction
 21997 | Orc:2    | XOM: smoke on damage
 21999 | Orc:2    | Killed an orc warlord
 22005 | Orc:2    | XOM: blink monster(s)
 22166 | Orc:2    | Found Yjezeubo's General Store.
 22167 | Orc:2    | Paralysed by an orc sorcerer for 4 turns
 22172 | Orc:2    | XOM: medium Pois miscast
 22197 | Orc:2    | Reached XP level 15. HP: 68/119 MP: 19/19
 22240 | Orc:2    | Found Jous's Antique Armour Emporium.
 22260 | Orc:2    | Bought the +1 cloak of Starlight {rElec rC+ EV+4 Stlth--}
                  | for 845 gold pieces
 22260 | Orc:2    | Found the +1 cloak of Starlight {rElec rC+ EV+4 Stlth--}
 22260 | Orc:2    | Bought a steaming chain mail for 180 gold pieces
 22279 | Orc:2    | Identified the cursed +0 chain mail "Ligurgha Omea" {Int+3}
                  | (You bought it in a shop on level 2 of the Orcish Mines)
 22340 | Orc:2    | XOM: cloud trail
 22350 | Orc:2    | XOM: summons 3 hostile shadow creatures
 22781 | Spider:1 | Entered Level 1 of the Spider Nest
 22781 | Spider:1 | Noticed Kirke
 22792 | Spider:1 | Killed Kirke
 22794 | Spider:1 | XOM: 2-stop teleportation journey
 22809 | Spider:1 | XOM: confusion (+ monsters)
 22810 | Spider:1 | XOM: 3-stop teleportation journey
 22820 | Spider:1 | XOM: summons friendly quasit
 22821 | Spider:1 | XOM: swap monsters
 22826 | Spider:1 | XOM: medium Fire miscast
 22838 | Spider:1 | XOM: noise
 22844 | Spider:1 | HP: 5/119 [demonic crawler (1)]
 22845 | Spider:1 | XOM: 2-stop teleportation journey
 23183 | Spider:1 | XOM: confusion
 23492 | Spider:2 | Paralysed by fainting for 11 turns
 23513 | Spider:2 | XOM: 1-stop teleportation journey
 23532 | Spider:2 | Cast into level 2 of the Abyss (Xom)
 23532 | Spider:2 | Escaped the Abyss
 23532 | Spider:2 | XOM: revert banishment
 23535 | Spider:2 | Reached skill level 12 in Shields
 23637 | Spider:2 | XOM: medium Chrm miscast
 23863 | Spider:2 | XOM: harmless Chrm miscast
 23951 | Spider:2 | XOM: harmless Air miscast
 23961 | Spider:2 | XOM: harmless Summ miscast
 23970 | Spider:2 | XOM: blink monster(s)
 24073 | Spider:2 | XOM: swap monsters
 24201 | Spider:2 | XOM: stat loss: -1 Dex (23/24)
 24217 | Spider:2 | Noticed Nikola
 24229 | Spider:2 | Killed Nikola
 24269 | Spider:2 | XOM: noise
 24270 | Spider:2 | HP: 2/119 [demonic crawler (8)]
 24271 | Spider:2 | Slain by a demonic crawler

Levels and vault maps discovered:
D:1:      dpeg_arrival_chambers_temple_mockup, layout_rooms
D:2:      layout_basic, lemuel_coloured_pillars_altar,
          kennysheep_generic_room_15
D:3:      gammafunk_wand_slinger, layout_basic, marbit_many_paths,
          lemuel_crystal_altar, ebering_ghost_rock_garden, portal_sewer_entry_f,
          kennysheep_generic_room_6, uniq_robin
D:4:      layout_loops_ring, kennysheep_mini_moat, xom_butterflies,
          nicolae_qazlal_style_of_elements, minmay_temple_entry_butterflies,
          grunt_ministairs_5, minmay_close_crescents, uniq_sigmund
D:5:      layout_basic, old_standard_altar, first_ration
D:6:      layout_basic, overflow_temple_1_default, ebering_ghost_xom,
          elyvilon_altar_1
D:7:      layout_loops_corners, serial_shops, shop
D:8:      cheibrodos_two_vegetables, layout_cave_pools, serial_shops, shop,
          nicolae_shop_behind_doors, shop_fountains,
          nicolae_shop_competitors_out_of_business, basic_altar,
          hangedman_abyss_or_decor_clamps, okawaru_trees_1
D:9:      minmay_evil_eye, layout_cross, lemuel_doored_altar,
          grunt_temple_overflow_open, erik_lair_orcish_takeover, orc_0_dummy,
          serial_park, serial_park_square2, blue_anna_alchemist
          [blue_anna_fruit_fields, blue_anna_fruit_fields]
D:10:     layout_basic, basic_altar, uniq_grum
D:11:     layout_grid_maze, serial_shops, shop, kennysheep_path_1,
          minmay_between, uniq_erolcha
D:12:     layout_loops_cross, serial_shops, bzr_entry_islet, shop, minivault_1
Lair:1:   layout_chaotic_city, gauntlet_entry_generic
Lair:2:   layout_roguey, enter_volcano_4
Lair:3:   layout_hall_layers, spider_nest_entry_funnel_web,
          infiniplex_staircase_pool, grunt_megastairs_4, uniq_snorg,
          uniq_gastronok
Lair:4:   layout_concentric_octagons, minmay_shoals_entry_lonely_mermaid,
          disabler_island, uniq_sonja
Lair:5:   layout_cave_pods, minmay_slime_entry_pillars, minmay_lair_drake_nest
Lair:6:   due_jungle_book, layout_loops_ring, lemuel_fruit_fields
Spider:1: layout_spider_delve, uniq_kirke
Spider:2: layout_spider_delve, uniq_donald, uniq_nikola
Orc:1:    layout_diamond_mine
Orc:2:    grunt_orc_gardens, layout_caves, grunt_orc_garden, grunt_orc_garden,
          grunt_orc_garden, grunt_orc_garden, mines2_lemuel

Skill      XL: |  1  2  3  4  5  6  7  8  9 10 11 12 13 14 15 |
---------------+----------------------------------------------+-----
Armour         | 1 2 3 4 5 6 8 9 11 | 11.4
Throwing       | 2 |  2.0
Short Blades   | 3 4 5 6 7 8 9 10 11 | 11.2
Dodging        | 3 |  3.0
Fighting       | 3 4 6 7 9 10 11 | 11.3
Stealth        | 3 5 6 |  6.2
Polearms       | 2 |  2.0
Axes           | 6 7 |  7.8
Shields        | 6 8 11 12 | 12.7
Evocations     | 6 8 9 |  9.9

Action                   |  1- 3 |  4- 6 |  7- 9 | 10-12 | 13-15 || total
-------------------------+-------+-------+-------+-------+-------++-------
Melee: Rapier            |    68 |   119 |       |       |       ||   187
       Headbutt          |     1 |    20 |    69 |   167 |   308 ||   565
       Short sword       |       |    48 |   271 |    11 |   449 ||   779
       Quick blade       |       |       |    38 |   544 |       ||   582
       Falchion          |       |       |    18 |       |       ||    18
       Dagger            |       |       |     2 |       |       ||     2
       Kick              |       |       |       |   196 |       ||   196
       Long sword        |       |       |       |    16 |     3 ||    19
       Halberd           |       |       |       |    10 |       ||    10
       War axe           |       |       |       |    30 |   343 ||   373
       Battleaxe         |       |       |       |     2 |       ||     2
       Peck              |       |       |       |       |   101 ||   101
       Unarmed           |       |       |       |       |     1 ||     1
Throw: Stone             |     1 |       |    12 |     1 |       ||    14
       Dart              |       |       |    15 |    40 |    42 ||    97
       Throwing net      |       |       |     1 |     2 |       ||     3
       Boomerang         |       |       |       |    47 |    40 ||    87
 Abil: Evoke Flight      |       |       |       |     1 |       ||     1
       Evoke Blink       |       |       |       |       |     1 ||     1
Evoke: Wand              |       |       |       |     6 |     7 ||    13
  Use: Scroll            |       |       |    14 |    18 |     6 ||    38
       Potion            |       |       |       |    12 |     9 ||    21
 Stab: Sleeping          |     1 |     1 |     1 |     6 |     7 ||    16
       Invisible         |       |       |     9 |       |     1 ||    10
       Distracted        |       |       |     1 |     6 |    14 ||    21
       Confused          |       |       |       |     1 |     2 ||     3
       Held in net/web   |       |       |       |     1 |     1 ||     2
       Paralysed         |       |       |       |     1 |     1 ||     2
  Eat: Chunk             |       |     7 |    15 |    17 |    27 ||    66
       Ration            |       |       |       |     2 |     1 ||     3
Armor: Leather armour    |    13 |    35 |    74 |    24 |       ||   146
       Ring mail         |       |       |       |    80 |       ||    80
       Chain mail        |       |       |       |    46 |   416 ||   462
Dodge: Dodged            |    47 |    89 |   163 |   176 |   403 ||   878
Block: Other             |       |       |       |    21 |    36 ||    57
       Shield            |       |       |       |       |   552 ||   552
       Reflection        |       |       |       |       |     7 ||     7
       Rpst.: Falchion   |       |       |     3 |       |       ||     3
       Long sword        |       |       |       |     4 |       ||     4
